 Dungeon Crawl Stone Soup version 0.30-a0-715-gdb4ae3ece1 (webtiles) character file.

Game seed: 1634327930980902360

77 ryw the Cudgeller (level 4, -1/66 HPs)
             Began as an Ogre Gladiator on Jan 25, 2023.
             Frozen to death by an endoplasm (2 damage)
             ... on level 2 of the Dungeon.
             The game lasted 00:02:37 (1182 turns).

ryw the Cudgeller (Ogre Gladiator)                  Turns: 1182, Time: 00:02:37

Health: -1/66      AC: 22    Str: 20    XL:     4   Next: 33%
Magic:  4/4        EV:  1    Int:  9    God:
Gold:   87         SH:  0    Dex: 10    Spells: 3/3 levels left

rFire   . . .      SeeInvis .    a - +0 flail
rCold   . . .      Faith    .    (no shield)
rNeg    . . .      Spirit   .    (body armour currently unavailable)
rPois   +          Reflect  .    (helmet currently unavailable)
rElec   .          Harm     .    (cloak currently unavailable)
rCorr   .          Rampage  .    (gloves unavailable)
Will    .....      NoTele   +    (boots unavailable)
Stlth   +                        f - amulet of the acrobat
HPRegen 0.31/turn                (no ring)
MPRegen 0.09/turn                (no ring)

@: mighty, tree-form, attractive
A: stationary, stasis, torment immunity, boosted hp, large, unfitting armour,
(tough skin 1)
a: no special abilities


You were on level 2 of the Dungeon.
You were a tree.
You visited 1 branch of the dungeon, and saw 2 of its levels.

You collected 87 gold pieces.

Inventory:

Hand Weapons
 a - a +0 flail (weapon)
Missiles
 d - 3 throwing nets
 e - a large rock (quivered)
Armour
 b - a +0 robe (melded)
 c - a +0 hat (melded)
Jewellery
 f - an amulet of the acrobat (around neck)
Scrolls
 h - 4 scrolls of magic mapping
 l - a scroll of teleportation {unknown}
Potions
 j - a potion of lignification


   Skills:
 - Level 2.6 Fighting
 + Level 4.5 Maces & Flails
 - Level 2.0 Throwing
 - Level 2.6 Dodging


You had 3 spell levels left.
You didn't know any spells.
Your spell library was empty.

Dungeon Overview and Level Annotations

Branches:
Dungeon (2/15)

Altars:

Annotations:
D:1 2 transporters


Innate Abilities, Weirdness & Mutations

You are a tree.
Your roots penetrate the ground, keeping you stationary.
You cannot be teleported.
You are immune to unholy pain and torment.
Your maximum health is greatly increased.
Your equipment is partially melded.
You are too large for most types of armour.
((You have tough skin. (AC +1)))


Message History

The ball python bites you but does no damage.
The orc hits you but does no damage.
The endoplasm hits you but does no damage.
You closely miss the orc.
The orc is lightly wounded.
The ball python bites you but does no damage.
The endoplasm freezes you.
You are frozen.
* * * LOW HITPOINT WARNING * * *
The orc hits you but does no damage.
The ball python bites you but does no damage.
It was a potion of attraction.
You feel attractive to monsters.
The endoplasm hits you but does no damage.
The orc hits you but does no damage.
The ball python bites you but does no damage.
It was a potion of might.
You feel very mighty all of a sudden.
The endoplasm hits you but does no damage.
The orc hits you but does no damage.
The ball python bites you but does no damage.
You closely miss the orc.
The orc is lightly wounded.
The endoplasm freezes you.
You are frozen.
* * * LOW HITPOINT WARNING * * *
The ball python bites you but does no damage.
The orc hits you with a +0 short sword.
* * * LOW HITPOINT WARNING * * *
The endoplasm freezes you.
You are frozen.
* * * LOW HITPOINT WARNING * * *
The orc hits you but does no damage. The ball python bites you.
* * * LOW HITPOINT WARNING * * *
You sock the orc!
You kill the orc!
The ball python bites you but does no damage.
The endoplasm freezes you.
You are frozen.
You die...

#.##.# #.##)#
#.##†## #.....#
## ###.#.# ...
#.#.# .) #.#.#
##.# #
##.#.####S..#...
#..$.!.)♣)...#
#..#.####J.###
.....#.# ..#
##### #.# ....
#.# .#.#. #.#
.#.. # #.# .# #.
#.# .# .#


You could see an endoplasm and a ball python.

Vanquished Creatures
  An orc wizard (D:2)
  An adder (D:2)
  A worm (D:2)
  4 orcs (D:2)
  7 ball pythons
  A bat (D:2)
  3 endoplasms
  A giant cockroach (D:2)
  3 goblins
  5 hobgoblins
  2 jackals (D:1)
  A kobold (D:2)
  2 rats (D:2)
32 creatures vanquished.

Notes
Turn   | Place    | Note
-------+----------+-------------------------------------------
     0 | D:1      | ryw the Ogre Gladiator began the quest for the Orb.
     0 | D:1      | Reached XP level 1. HP: 22/22 MP: 1/1
    31 | D:1      | Reached skill level 3 in Maces & Flails
   208 | D:1      | Reached XP level 2. HP: 18/29 MP: 2/2
   381 | D:1      | Found a faded altar of an unknown god.
   890 | D:2      | Reached XP level 3. HP: 31/36 MP: 3/3
   999 | D:2      | Reached skill level 4 in Maces & Flails
  1172 | D:2      | Reached XP level 4. HP: 24/44 MP: 4/4
  1181 | D:2      | HP: 3/66 [frozen (3)]
  1181 | D:2      | HP: 1/66 [ball python (2)]
  1182 | D:2      | Frozen to death by an endoplasm

Illustrated notes

Levels and vault maps discovered:
D:1:      spicycebolla_arrival_transporter_tutorial, layout_loops_ring,
          chequers_ecumenical_altar_island
D:2:      layout_loops_ring, minmay_pentomino_z2, uniq_natasha

Skill      XL: |  1  2  3 |
---------------+----------+-----
Maces & Flails | 3 4 |  4.5
Fighting       | |  2.6
Throwing       | |  2.0
Dodging        | |  2.6

Action                     |  1- 3 |  4- 6 || total
---------------------------+-------+-------++-------
  Melee: Flail             |   106 |     7 ||   113
  Throw: Large rock        |     1 |       ||     1
    Use: Scroll            |     2 |       ||     2
         Potion            |     2 |     2 ||     4
 Armour: Robe              |    39 |       ||    39
         Skin              |    30 |    30 ||    60
  Dodge: Dodged            |    80 |       ||    80

Table legend: (Time is in decaauts)
 A = Elapsed time spent in this place.
 B = Non-inter-level travel time spent in this place.
 C = Inter-level travel time spent in this place.
 D = Time resting spent in this place.
 E = Time spent auto-exploring this place.
 F = Levels seen in this place.
 G = Mean time per level.
                   A        B        C        D        E       F      G
               +--------+--------+--------+--------+--------+-----+--------+
         Total |   1208 |   1182 |     26 |     29 |    833 |   2 |  604.0 |
       Dungeon |   1208 |   1182 |     26 |     29 |    833 |   2 |  604.0 |
               +--------+--------+--------+--------+--------+-----+--------+

Top non-repeatable levels by time:
     D:1: 863 daAuts
     D:2: 344 daAuts
